 Dungeon Crawl Stone Soup version 0.26.1-2-gb8aa6d0cf2 (webtiles) character file.

Game seed: 4169029831925253444

14003 hawla the Destroyer (level 11, 0/57 HPs)
             Began as a Deep Elf Conjurer on Feb 17, 2021.
             Was a High Priest of Vehumet.
             Slain by a seven-headed hydra (4 damage)
             ... on level 11 of the Dungeon.
             The game lasted 01:06:48 (15813 turns).

hawla the Destroyer (Deep Elf Conjurer)            Turns: 15813, Time: 01:06:49

Health: 0/57       AC:  6    Str:  4    XL:     11   Next: 83%
Magic:  10/29      EV: 14    Int: 33    God:    Vehumet [*****.]
Gold:   1171       SH:  0    Dex: 13    Spells: 4/34 levels left

rFire    . . .     SeeInvis .   f - +0 quarterstaff
rCold    . . .     Faith    .   (shield currently unavailable)
rNeg     . . .     Spirit   .   a - +0 robe
rPois    .         Reflect  .   (helmet restricted)
rElec    .         Harm     .   j - +2 cloak
rCorr    .         Rampage  .   p - +0 pair of gloves
Will     ++...                  (no boots)
Stlth    +.........             (no amulet)
HPRegen  0.59/turn              m - +6 ring of intelligence
MPRegen  0.21/turn              g - ring of wizardry

@: confused, mighty, lethally poisoned (0 -> -1), marked
A: antennae 1, strong-willed 1, regeneration 1, wild magic 1
a: Renounce Religion


You were on level 11 of the Dungeon.
You worshipped Vehumet.
Vehumet was extremely pleased with you.
You visited 2 branches of the dungeon, and saw 12 of its levels.
You also visited: Ossuary and Bailey.

You collected 1185 gold pieces.
You spent 14 gold pieces at shops.

Inventory:

Hand Weapons
 f - a +0 quarterstaff (weapon)
Missiles
 e - 25 boomerangs (quivered)
 v - 2 curare-tipped darts
Armour
 a - a +0 robe (worn)
 j - a +2 cloak (worn)
 n - a +0 buckler
 p - a +0 pair of gloves (worn)
Jewellery
 g - a ring of wizardry (right hand)
 m - a +6 ring of intelligence (left hand)
 w - a +6 ring of intelligence
Wands
 i - a wand of paralysis (7)
 k - a wand of disintegration (7)
 s - a wand of iceblast (9)
Scrolls
 b - 4 scrolls of identify
 d - a scroll of enchant armour
 x - a scroll of enchant weapon
Potions
 o - a potion of curing
 q - 4 potions of flight
Miscellaneous
 y - a phial of floods


   Skills:
 - Level 2.0 Fighting
 - Level 2.2 Staves
 - Level 2.2 Throwing
 - Level 4.2 Dodging
 - Level 2.5 Stealth
 + Level 2.6 Shields
 - Level 12.0 Spellcasting
 + Level 12.4 Conjurations
 - Level 4.4 Translocations
 + Level 11.3 Fire Magic
 - Level 1.0 Poison Magic
 - Level 1.0 Evocations


You had 4 spell levels left.
You knew the following spells:

 Your Spells              Type           Power        Failure   Level
a - Magic Dart            Conj           100%         1%          1
b - Searing Ray           Conj           100%         1%          2
c - Iskenderun's Mystic   Conj/Tloc      78%          1%          4
d - Blink                 Tloc           N/A          1%          2
e - Conjure Flame         Conj/Fire      91%          1%          3
f - Fireball              Conj/Fire      45%          1%          5
g - Apportation           Tloc           100%         1%          1
h - Olgreb's Toxic Radia  Pois           34%          2%          4
i - Ignition              Fire           44%          19%         8

Your spell library contained the following spells:

 Spells                   Type           Power        Failure   Level
 Animate Skeleton         Necr           50%          1%          1
 Corona                   Hex            27%          1%          1
 Foxfire                  Conj/Fire      100%         1%          1
 Freeze                   Ice            100%         1%          1
 Summon Small Mammal      Summ           100%         1%          1
 Dazzling Flash           Conj/Hex       100%         1%          3
 Frozen Ramparts          Ice            50%          1%          3
 Ignite Poison            Fire/Tmut/Pois 57%          1%          3
 Mephitic Cloud           Conj/Pois/Air  59%          1%          3
 Fulminant Prism          Conj/Hex       34%          1%          4
 Hailstorm                Conj/Ice       68%          1%          4
 Call Imp                 Summ           25%          2%          2
 Passwall                 Tmut/Erth      20%          2%          2
 Slow                     Hex            25%          2%          2
 Ozocubu's Armour         Ice            25%          4%          3
 Summon Ice Beast         Ice/Summ       25%          12%         4
 Starburst                Conj/Fire      45%          1%          6
 Eringya's Noxious Bog    Tmut/Pois      15%          32%         6
 Dragon Form              Tmut           12%          100%        7


Dungeon Overview and Level Annotations

Branches:
Dungeon (11/15)            Temple (1/1) D:6            Lair (0/6) D:10
Ossuary (visited)          Bailey (visited)
    Orc: D:9-12

Altars:
Ashenzari
Cheibriados
Dithmenos
Elyvilon
Fedhas
Gozag
Hepliaklqana
Kikubaaqudgha
Makhleb
Nemelex Xobeh
Okawaru
Qazlal
Ru
Sif Muna
Trog
Uskayaw
Vehumet
Wu Jian
Xom
Yredelemnul
Zin
The Shining One
Beogh

Shops:
D:8 !

Annotations:
D:6 2 runed translucent doors, tozz's ghost, novice OgBe


Innate Abilities, Weirdness & Mutations

You have a pair of small antennae on your head.
You are strong-willed. (Will+)
Your natural rate of healing is unusually fast.
Your spells are a little harder to cast, but a little more powerful.


Message History

A sky beast comes into view.
Unknown command.
You feel better. The adder closely misses you. The adder bites you.
You are poisoned.
The adder poisons you!
You are confused.
You feel invigorated.
You feel sick. The adder barely misses you.
The seven-headed hydra closely misses you.
The seven-headed hydra bites you! The seven-headed hydra misses you.
The seven-headed hydra bites you!
* * * LOW HITPOINT WARNING * * *
The seven-headed hydra bites you.
* * * LOW HITPOINT WARNING * * *
The seven-headed hydra bites you.
* * * LOW HITPOINT WARNING * * *
The seven-headed hydra completely misses you.
You bump into the rock wall.
The adder bites you.
* * * LOW HITPOINT WARNING * * *
The seven-headed hydra bites you.
You die...

# ###########.###
#sB.B.D.......#
#D###########.# #@# #S# .#
#l# .# #.# .# ### ##o#####.
..#### #####ooG.B..# #.#...
#.)...o####.######^#.##
#.###.#Y#........#.#.##
######.#.>....)/.....D......


You could see a seven-headed hydra, an eye of draining, a sky beast, a scorpion,
an iguana, a worker ant, an adder and 4 orcs.

Vanquished Creatures
  Harold (D:11)
  A tengu warrior (D:11)
  A two-headed ogre (D:10)
  An unseen horror (D:11)
  A deep elf mage (D:11)
  An orc knight (Bailey)
  A centaur zombie (D:10)
  Joseph (D:9)
  Psyche (D:10)
  Maggie (D:6)
  A komodo dragon (D:10)
  A tengu conjurer (D:11)
  A troll (D:9)
  A hornet (D:7)
  6 slime creatures (D:9)
  2 wyverns
  Grum (D:11)
  Edmund (D:4)
  Menkaure (D:4)
  A water moccasin (D:7)
  13 orc warriors
  Purgy (D:3)
  4 sky beasts
  A black bear (D:9)
  4 ogres
  4 phantoms
  2 wolves (D:11)
  4 centaurs
  3 bullfrogs
  A big kobold (D:9)
  4 gnoll sergeants (D:10)
  A water moccasin zombie (D:9)
  2 scorpions
  11 killer bees
  4 wights (D:11)
  5 howler monkeys
  3 iron imps (D:5)
  10 hounds
  3 gnoll shamans (D:10)
  9 orc priests
  2 bullfrog skeletons
  3 centaur skeletons
  A jelly (D:7)
  9 orc wizards
  4 iguanas
  8 worker ants
  A hound zombie (D:6)
  A hound skeleton (D:6)
  8 mummies (Ossuary)
  Robin (D:3)
  A howler monkey zombie (D:7)
  2 worker ant zombies
  10 adders
  33 gnolls
  A howler monkey skeleton (D:6)
  2 shadow imps
  A white imp (D:9)
  An ufetubus (D:6)
  6 oozes
  An adder zombie (D:9)
  An adder skeleton (D:3)
  3 worms
  2 dart slugs
  7 leopard geckos
  65 orcs
  10 bats
  2 giant cockroaches
  16 goblins
  15 hobgoblins
  15 jackals
  22 kobolds
  7 quokkas
  5 frilled lizards
  3 hobgoblin zombies (Ossuary)
  5 kobold zombies (Ossuary)
  A leopard gecko zombie (D:5)
  A quokka skeleton (D:6)
  11 rats
402 creatures vanquished.

Vanquished Creatures (others)
  16 foxfires
  30 plants
46 creatures vanquished.

Grand Total: 448 creatures vanquished

Notes
Turn   | Place    | Note
-------+----------+-------------------------------------------
     0 | D:1      | hawla the Deep Elf Conjurer began the quest for the Orb.
     0 | D:1      | Reached XP level 1. HP: 10/10 MP: 6/6
   225 | D:1      | Reached XP level 2. HP: 15/15 MP: 4/8
   272 | D:1      | Learned a level 2 spell: Searing Ray
   358 | D:1      | Reached skill level 1 in Fire Magic
   653 | D:1      | You fall into a shaft and drop 1 floor!
   676 | D:2      | Learned a level 2 spell: Blink
   945 | D:2      | Reached XP level 3. HP: 19/19 MP: 8/10
  1201 | D:2      | Reached skill level 5 in Conjurations
  1643 | D:2      | Reached XP level 4. HP: 24/24 MP: 0/12
  1769 | D:1      | Learned a level 4 spell: Iskenderun's Mystic Blast
  1947 | D:1      | Learned a level 2 spell: Blink
  2965 | D:3      | Noticed Robin
  2972 | D:3      | Killed Robin
  3026 | D:3      | Reached XP level 5. HP: 16/28 MP: 2/13
  3031 | D:3      | Reached skill level 1 in Translocations
  3174 | D:4      | Noticed Edmund
  3523 | D:3      | Noticed Purgy
  3532 | D:3      | Killed Purgy
  3533 | D:3      | Reached skill level 5 in Spellcasting
  3533 | D:3      | Reached XP level 6. HP: 32/32 MP: 3/15
  3797 | D:3      | Learned a level 3 spell: Conjure Flame
  4912 | D:3      | Found a faded altar of an unknown god.
  5056 | D:4      | Noticed Menkaure
  5392 | D:4      | Killed Edmund
  5393 | D:4      | Reached XP level 7. HP: 27/36 MP: 9/17
  5688 | D:4      | Found a basalt altar of Yredelemnul.
  5909 | D:4      | Killed Menkaure
  6142 | D:4      | Found an opulent altar of Gozag.
  6268 | D:5      | Entered Level 5 of the Dungeon
  6314 | D:5      | Found a sand-covered staircase.
  6320 | D:5      | Reached skill level 5 in Fire Magic
  6325 | Ossuary  | Entered an ossuary
  6366 | Ossuary  | Reached XP level 8. HP: 41/41 MP: 5/19
  6392 | Ossuary  | Gained mutation: You have a pair of small antennae on your
                  | head. [potion of mutation]
  6392 | Ossuary  | Gained mutation: Your spells are a little harder to cast,
                  | but a little more powerful. [potion of mutation]
  6392 | Ossuary  | Gained mutation: You are strong-willed. (Will+) [potion of
                  | mutation]
  6392 | Ossuary  | Gained mutation: Your natural rate of healing is unusually
                  | fast. [potion of mutation]
  7356 | D:5      | Found a burning altar of Makhleb.
  7655 | D:6      | Found a radiant altar of Vehumet.
  7662 | D:6      | Became a worshipper of Vehumet
  7758 | D:6      | Noticed Maggie
  7946 | D:6      | Reached XP level 9. HP: 16/45 MP: 1/23
  7978 | D:6      | Reached * piety under Vehumet
  7978 | D:6      | Offered knowledge of Shock by Vehumet.
  7994 | D:6      | Killed Maggie
  8061 | D:6      | Got an ancient robe
  8071 | D:6      | Identified the +0 robe of the Mackerel {Harm rC- rN++
                  | Stlth+} (You found it on level 6 of the Dungeon)
  8414 | D:6      | Found a large runed translucent door.
  8414 | D:6      | Found a large runed translucent door.
  8437 | D:6      | Noticed tozz's ghost (novice OgBe)
  8688 | D:6      | Found a staircase to the Ecumenical Temple.
  8696 | Temple   | Entered the Ecumenical Temple
  9253 | D:7      | Found a sacrificial altar of Ru.
  9437 | D:7      | Reached skill level 10 in Conjurations
  9599 | D:7      | Found a shimmering blue altar of Sif Muna.
  9600 | D:7      | Found a shadowy altar of Dithmenos.
  9894 | D:8      | Found Ugaqub's Distillery.
  9897 | D:8      | Bought a potion of degeneration for 14 gold pieces
 10256 | D:8      | Offered knowledge of Foxfire by Vehumet.
 10471 | D:8      | Reached ** piety under Vehumet
 10554 | D:8      | Reached XP level 10. HP: 21/51 MP: 22/25
 10616 | D:8      | Learned a level 1 spell: Foxfire
 10742 | D:8      | Reached skill level 1 in Fighting
 10850 | D:8      | Learned a level 1 spell: Apportation
 10860 | D:9      | Found a glowing golden altar of the Shining One.
 10860 | D:9      | Found an ornate altar of the Wu Jian Council.
 11009 | D:9      | Got a pair of pitted gloves
 11015 | D:9      | Found a roughly hewn altar of Beogh.
 11116 | D:9      | Reached skill level 10 in Spellcasting
 11398 | D:9      | Offered knowledge of Ignite Poison by Vehumet.
 11719 | D:9      | Found a white marble altar of Elyvilon.
 11761 | D:9      | Noticed Joseph
 11770 | D:9      | Killed Joseph
 11770 | D:9      | Reached *** piety under Vehumet
 11826 | D:9      | Found an ancient bone altar of Kikubaaqudgha.
 11966 | D:9      | Reached skill level 10 in Fire Magic
 12432 | D:7      | Identified the cursed -7 pair of gloves of Filth {rPois rF+
                  | rC+} (You found it on level 9 of the Dungeon)
 12666 | D:10     | Entered Level 10 of the Dungeon
 12822 | D:10     | Offered knowledge of Sticky Flame by Vehumet.
 12873 | D:10     | Found a flagged portal.
 12894 | Bailey   | Entered a bailey
 13341 | Bailey   | Noticed an orc knight
 13347 | Bailey   | Killed an orc knight
 13348 | Bailey   | Reached skill level 1 in Evocations
 13348 | Bailey   | Reached XP level 11. HP: 56/56 MP: 24/28
 13357 | Bailey   | Reached **** piety under Vehumet
 13364 | Bailey   | Reached skill level 1 in Staves
 13364 | Bailey   | Reached skill level 1 in Throwing
 13499 | Bailey   | Identified Sif Muna's Tome of Mutagenic Translocation
 13745 | D:10     | Offered knowledge of Stone Arrow by Vehumet.
 13849 | D:10     | Noticed a two-headed ogre
 13866 | D:10     | Killed a two-headed ogre
 14157 | D:10     | Found a glowing golden altar of the Shining One.
 14291 | D:10     | Found a staircase to the Lair.
 14324 | D:10     | Noticed Psyche
 14332 | D:10     | Killed Psyche
 14552 | D:10     | Reached ***** piety under Vehumet
 14554 | D:10     | Offered knowledge of Olgreb's Toxic Radiance by Vehumet.
 14563 | D:10     | Learned a level 5 spell: Fireball
 14568 | D:10     | Learned a level 4 spell: Olgreb's Toxic Radiance
 14649 | D:10     | Learned a level 8 spell: Ignition
 15127 | D:11     | Noticed Grum
 15134 | D:11     | Killed Grum
 15174 | D:11     | Noticed a deep elf mage
 15231 | D:11     | Killed a deep elf mage
 15232 | D:11     | Reached skill level 1 in Shields
 15232 | D:11     | Reached skill level 1 in Poison Magic
 15258 | D:11     | Noticed a tengu warrior
 15261 | D:11     | Killed a tengu warrior
 15680 | D:11     | Killed an unseen horror
 15763 | D:11     | Noticed a seven-headed hydra
 15763 | D:11     | Noticed Harold
 15783 | D:11     | Killed Harold
 15813 | D:11     | Slain by a seven-headed hydra

Illustrated notes

Levels and vault maps discovered:
D:1:      zelgadis_glass_arrival_small, layout_basic, eino_curves_04,
          minmay_nonomino_d4
D:2:      layout_basic, serial_bayou, serial_bayou_shore_a, serial_bayou_pond_e,
          serial_bayou_lagoon_b, serial_bayou_pond_b, serial_bayou_ford_a,
          nrook_mini_backslash, minmay_misc_feat_room
D:3:      layout_basic, chequers_ecumenical_altar_twisty, uniq_purgy, uniq_robin
D:4:      layout_cave_pools, lemuel_coloured_pillars_altar,
          overflow_temple_1_default, grunt_ministairs_15, uniq_edmund,
          uniq_menkaure
D:5:      layout_rooms, demons_altar, enter_ossuary_2
D:6:      layout_basic, lemuel_doored_altar, minmay_temple_entry_hall,
          ebering_ghost_disaster_area, uniq_maggie
D:7:      layout_rooms, nicolae_ru_sacrificial_ziggurat,
          gammafunk_temple_overflow_statue, grunt_decor_arrowhead
D:8:      layout_loops_ring, serial_shops, kennysheep_mini, kennysheep_potato
D:9:      layout_roguey, chequers_temple_overflow_statue_of_worship,
          elyvilon_altar_5, kiku_gazebo_pond_becter, special_room
          [special_room_orc], uniq_joseph
D:10:     layout_cave_pools, david_lair_shrubbed, enter_bailey_2,
          serial_gnoll_camp, gnoll_camp_mini_house, gnoll_camp_mini_house,
          gnoll_camp_huts_moat, gnoll_camp_medium_02,
          nicolae_tso_carved_into_rock, uniq_psyche
D:11:     layout_basic, uniq_grum, uniq_harold
Temple:   minmay_temple_curvy_loop

Skill      XL: |  1  2  3  4  5  6  7  8  9 10 11 |
---------------+----------------------------------+-----
Fire Magic     | 1 2 3 5 6 9 10 11 | 11.3
Spellcasting   | 4 5 6 8 9 11 12 | 12.0
Conjurations   | 5 6 7 9 10 11 12 | 12.4
Translocations | 1 2 3 4 |  4.4
Dodging        | 3 4 |  4.2
Fighting       | 1 2 |  2.0
Evocations     | 1 |  1.0
Staves         | 2 |  2.2
Throwing       | 2 |  2.2
Shields        | 2 |  2.6
Poison Magic   | 1 |  1.0
Stealth        | |  2.5

Action                   |  1- 3 |  4- 6 |  7- 9 | 10-12 || total
-------------------------+-------+-------+-------+-------++-------
Melee: Unarmed           |     4 |    14 |       |       ||    18
       Whip              |       |       |    41 |     5 ||    46
       Quarterstaff      |       |       |       |    16 ||    16
       Halberd           |       |       |       |    11 ||    11
Throw: Boomerang         |       |     4 |    12 |     1 ||    17
 Cast: Magic Dart        |    46 |    50 |    59 |    69 ||   224
       Searing Ray       |    13 |    56 |    93 |   115 ||   277
       Blink             |     1 |     1 |       |     8 ||    10
       Iskenderun's Myst |       |     6 |    17 |    50 ||    73
       Conjure Flame     |       |     3 |       |     2 ||     5
       Foxfire           |       |       |       |    12 ||    12
       Fireball          |       |       |       |     8 ||     8
       Olgreb's Toxic Ra |       |       |       |     1 ||     1
Evoke: Wand              |       |       |    28 |     8 ||    36
  Use: Scroll            |     2 |    10 |    13 |    10 ||    35
       Potion            |     2 |     4 |     9 |     6 ||    21
Armor: Robe              |     3 |    21 |    22 |    29 ||    75
       Skin              |       |       |    22 |    12 ||    34
Dodge: Dodged            |    15 |    76 |    74 |   109 ||   274
